 Dungeon Crawl Stone Soup version 0.23-a0-480-g1869896 (webtiles) character file.

1346 theanonym the Cudgeler (level 8, 0/64 HPs)
             Began as a Mummy Warper on Nov 28, 2018.
             Was an Initiate of Gozag.
             Slain by a gnoll shaman
             ... wielding a +0 club
              (6 damage)
             ... on level 5 of the Dungeon.
             The game lasted 00:09:38 (7692 turns).

theanonym the Cudgeler (Mummy Warper)               Turns: 7692, Time: 00:09:39

Health: 0/64       AC:  9    Str: 16    XL:     8   Next: 36%
Magic:  12/12      EV:  2    Int: 12    God:    Gozag
Gold:   469        SH: 11    Dex: 15    Spells: 12/12 levels left

rFire    x . .     SeeInvis .   o - +0 flail
rCold    + . .     Gourm    .   g - +0 large shield (curse)
rNeg     + + +     Faith    .   i - +0 chain mail
rPois    ∞         Spirit   .   b - +0 helmet
rElec    .         Reflect  .   (no cloak)
rCorr    .         Harm     .   (no gloves)
MR       +....                  (no boots)
Stlth    ..........             (no amulet)
HPRegen  0.20/turn              m - +3 ring of dexterity
MPRegen  0.13/turn              (no ring)

@: no status effects
A: no food or potions, fire vulnerability, cold resistance 1, negative energy
resistance 3, torment resistance, unbreathing
a: Potion Petition, Call Merchant, Bribe Branch, Renounce Religion


Innate Abilities, Weirdness & Mutations

You do not eat or drink.
Your flesh is vulnerable to fire.
You are immune to poison.
Your flesh is cold resistant. (rC+)
You are immune to negative energy. (rN+++)
You are immune to unholy pain and torment.
You can survive without breathing.


   Skills:
 + Level 6.2 Fighting
 * Level 7.2 Maces & Flails
 - Level 0.7 Throwing
 - Level 0.7 Armour
 - Level 1.5 Dodging
 - Level 2.6 Spellcasting
   Level 2.4 Translocations


You had 12 spell levels left.
You didn't know any spells.
Your spell library contained the following spells:

 Spells                   Type           Power        Failure   Level  Hunger
 Magic Dart               Conj           #...         100%        1    N/A
 Blink                    Tloc           N/A          100%        2    N/A
 Call Imp                 Summ           #.......     100%        2    N/A
 Shroud of Golubria       Chrm/Tloc      #.........   100%        2    N/A
 Slow                     Hex            #.......     100%        2    N/A
 Conjure Flame            Conj/Fire      #.......     100%        3    N/A
 Gell's Gravitas          Tloc           #.........   100%        3    N/A
 Lesser Beckoning         Tloc           #.........   100%        3    N/A
 Mephitic Cloud           Conj/Pois/Air  #.......     100%        3    N/A
 Teleport Other           Tloc           #.......     100%        3    N/A
 Passage of Golubria      Tloc           N/A          100%        4    N/A

Skill      XL: |  1  2  3  4  5  6  7  8 |
---------------+-------------------------+-----
Maces & Flails | 2 3 4 5 6 7 |  7.2
Fighting       | 3 4 5 6 |  6.2
Throwing       | |  0.7
Armour         | |  0.7
Dodging        | |  1.5
Spellcasting   | |  2.6
Translocations | |  2.4

Action                   |  1- 3 |  4- 6 |  7- 9 || total
-------------------------+-------+-------+-------++-------
Melee: Mace              |   151 |   405 |   222 ||   778
       Flail             |       |       |   104 ||   104
Throw: Tomahawk          |       |     1 |     3 ||     4
  Use: Scroll            |     4 |     3 |     4 ||    11
Armor: Leather armour    |    22 |       |       ||    22
       Chain mail        |    87 |   283 |   193 ||   563
Dodge: Dodged            |    30 |    24 |    37 ||    91
Block: Large shield      |   107 |   287 |   203 ||   597

Inventory:

Hand Weapons
 o - a +0 flail (weapon)
   (You found it on level 5 of the Dungeon)
Missiles
 e - a tomahawk of dispersal (quivered)
 k - a throwing net
Armour
 b - a +0 helmet (worn)
   (You found it on level 2 of the Dungeon)
 g - a cursed +0 large shield (worn)
   (You found it on level 1 of the Dungeon)
 i - a +0 chain mail (worn)
   (You found it on level 1 of the Dungeon)
Jewellery
 m - a +3 ring of dexterity (left hand)
   (You found it on level 5 of the Dungeon)
Wands
 l - a wand of enslavement (7)
   (You found it on level 5 of the Dungeon)
 v - a wand of acid (6)
   (You found it on level 6 of the Dungeon)
Scrolls
 c - 2 scrolls of amnesia
 d - a scroll of fear
 f - 4 scrolls of immolation
 h - a scroll of enchant armour
 j - 2 scrolls of noise
 n - 5 scrolls of remove curse
 p - 3 scrolls of enchant weapon
 r - a scroll of identify
 t - 6 scrolls of teleportation {!r}
 y - 3 scrolls of magic mapping
 B - 2 scrolls of blinking


You were on level 5 of the Dungeon.
You worshipped Gozag.
Gozag was aware of your devotion.
You were not hungry.

You visited 1 branch of the dungeon, and saw 6 of its levels.
You also visited: Ossuary.

You collected 545 gold pieces.
You paid 76 gold pieces to Gozag.

Dungeon Overview and Level Annotations

Branches:
Dungeon (6/15)
 Temple: D:4-7

Altars:
Ashenzari
Cheibriados
Gozag
Nemelex Xobeh
Qazlal
Zin

Annotations:
D:2 Sigmund

♣♣♣≈P.# #.##### ##.#.# ♣P≈P#
#..>..###....#### ♣♣♣♣≈.#
####......#...... ≈≈≈≈≈≈#
####.####....#### ≈P≈PP##
#.P.≈..###.#.# P.P..####
##.≈≈≈≈..##>#.## .PP.#...#
#..≈≈≈≈........# ####.##.#
#g..≈≈..####.#.#
#.##.########@.≈.≈≈....._..#
#.##.#.....##....≈..####.###
####.....................##.#
#................###.###.#..#
#.###.#.#.....#### #.......##
..#....%#.....# #####.#.######
###.#.#.###.#########.<).........
........P.#.#......#..)[##.######
..#.#.PP..#.........<#..##.#


You could see a gnoll shaman.

Notes
Turn   | Place    | Note
-------+----------+-------------------------------------------
     0 | D:1      | theanonym the Mummy Warper began the quest for the Orb.
     0 | D:1      | Reached XP level 1. HP: 16/16 MP: 4/4
   234 | D:1      | HP: 8/16 [rat (1)]
   954 | D:1      | Reached skill level 2 in Maces & Flails
  1026 | D:2      | Noticed Sigmund
  1175 | D:2      | Reached XP level 2. HP: 20/22 MP: 5/5
  1185 | D:2      | HP: 10/22 [adder (2)]
  1190 | D:2      | HP: 7/22 [adder (4)]
  1195 | D:2      | HP: 2/22 [adder (2)]
  1523 | D:2      | Reached XP level 3. HP: 25/28 MP: 7/7
  1892 | D:2      | HP: 12/28 [Sigmund/+0 scythe (8)]
  1897 | D:2      | HP: 12/28 [bat (1)]
  2111 | D:3      | Found a glowing silver altar of Zin.
  2120 | D:3      | Reached skill level 3 in Maces & Flails
  2156 | D:3      | Reached XP level 4. HP: 27/34 MP: 8/8
  2256 | D:3      | Reached skill level 3 in Fighting
  2967 | D:4      | Found a sand-covered staircase.
  3023 | Ossuary  | Entered an ossuary
  3125 | Ossuary  | HP: 17/35 [centaur zombie (6)]
  3126 | Ossuary  | Reached XP level 5. HP: 20/41 MP: 9/9
  3137 | Ossuary  | HP: 16/41 [rat zombie (1)]
  3152 | Ossuary  | HP: 17/41 [gnoll zombie (1)]
  3158 | Ossuary  | HP: 16/41 [quokka zombie (2)]
  3209 | Ossuary  | HP: 18/41 [centaur zombie (5)]
  3492 | Ossuary  | Reached skill level 4 in Maces & Flails
  3602 | Ossuary  | HP: 21/42 [mummy (13)]
  3829 | Ossuary  | Reached XP level 6. HP: 30/48 MP: 10/10
  3838 | Ossuary  | Reached skill level 4 in Fighting
  4382 | D:4      | Found a sparkling altar of Nemelex Xobeh.
  4454 | D:4      | Found a shattered altar of Ashenzari.
  4551 | D:4      | Reached skill level 5 in Maces & Flails
  4630 | D:4      | Reached XP level 7. HP: 33/55 MP: 11/11
  5020 | D:5      | Entered Level 5 of the Dungeon
  5139 | D:5      | Found an opulent altar of Gozag.
  5147 | D:5      | Became a worshipper of Gozag Ym Sagoz the Greedy
  5195 | D:5      | HP: 18/55 [gnoll/+0 halberd (12)]
  5520 | D:5      | HP: 27/55 [bullfrog zombie (2)]
  5527 | D:5      | HP: 27/55 [hound skeleton (1)]
  5535 | D:5      | HP: 24/55 [hound skeleton (2)]
  5540 | D:5      | Reached skill level 5 in Fighting
  5561 | D:5      | HP: 25/56 [iguana (5)]
  5801 | D:5      | theanonym: ??gozag
  5801 | D:5      | beem: gozag[1/7]: The greedy god of gold. Turns corpses
                  | into gold, which gives a distraction status that may cause
                  | enemies to lose turns. Lets you use {potion petition}, lets
                  | you {call merchant}s, and lets you {bribe branch}es. Does
                  | not have a normal piety system.
  5801 | D:5      | theanonym: ??gozag[2
  5801 | D:5      | beem: gozag[2/7]: Joining Gozag costs some gold, based on
                  | the amount of gold generated in the game so far. On
                  | conversion all abilities are available, as long as you have
                  | enough gold.
  5801 | D:5      | theanonym: ??gozag[3
  5801 | D:5      | beem: gozag[3/7]:
                  | https://crawl.develz.org/wiki/doku.php?id=dcss:brainstorm:g
                  | od:propose:gold
  5801 | D:5      | theanonym: ??gozag[4
  5801 | D:5      | beem: gozag[4/7]: actually i wanted to try out the money
                  | god its shit and boring af some dev must really love the
                  | god
  5801 | D:5      | theanonym: ??gozag[5
  5801 | D:5      | beem: gozag[5/7]: So I guess I have to abandon Gozag or
                  | else I'll starve
  5801 | D:5      | theanonym: ??gozag[6
  5801 | D:5      | beem: gozag[6/7]: you should be able to cancel [potion
                  | petition] by abandoning your religion from that screen
  5801 | D:5      | theanonym: ??gozag[7
  5801 | D:5      | beem: gozag[7/7]: b - [D:5] the cursed +0 robe of Gozag's
                  | Brutal Revenge {rC+} (163 gold) so brutal
  6218 | D:5      | HP: 28/56 [adder (3)]
  6219 | D:5      | Reached skill level 6 in Maces & Flails
  6436 | D:5      | HP: 27/56 [something (6)]
  6441 | D:5      | HP: 27/56 [adder (1)]
  6447 | D:5      | HP: 26/56 [sky beast (2)]
  6461 | D:5      | HP: 22/56 [something (2)]
  6754 | D:5      | Reached XP level 8. HP: 46/64 MP: 12/12
  7172 | D:6      | Found a stormy altar of Qazlal.
  7295 | D:6      | Reached skill level 6 in Fighting
  7311 | D:6      | Reached skill level 7 in Maces & Flails
  7605 | D:6      | Found a snail-covered altar of Cheibriados.
  7672 | D:6      | HP: 31/64 [gnoll shaman/+0 club (3)]
  7685 | D:6      | HP: 19/64 [gnoll/+0 halberd (5)]
  7688 | D:5      | HP: 6/64 [gnoll shaman/+0 club (7)]
  7692 | D:5      | Slain by a gnoll shaman

Vanquished Creatures
  A sky beast (D:5)
  An ice beast (D:5)
  A centaur (D:6)
  2 scorpions
  A howler monkey (D:4)
  4 centaur zombies
  2 bullfrog zombies (D:5)
  A crimson imp (D:5)
  A hound (D:6)
  A human zombie (Ossuary)
  2 centaur skeletons (D:4)
  A bullfrog skeleton (D:5)
  2 iguanas
  A worker ant (D:5)
  A big kobold zombie (Ossuary)
  2 hound zombies (Ossuary)
  3 hound skeletons
  3 mummies (Ossuary)
  2 worker ant zombies (D:5)
  15 adders
  7 gnolls
  3 oozes
  4 adder zombies
  2 adder skeletons
  4 worms
  4 dart slugs
  4 leopard geckos
  5 orcs
  A giant cockroach (D:4)
  4 goblins
  4 hobgoblins
  7 jackals
  2 quokkas
  8 bats
  4 frilled lizards
  A giant cockroach zombie (D:5)
  3 gnoll zombies (Ossuary)
  4 goblin zombies (Ossuary)
  2 hobgoblin zombies (Ossuary)
  5 jackal zombies
  A kobold (D:2)
  2 kobold zombies (Ossuary)
  A leopard gecko zombie (D:5)
  An orc zombie (Ossuary)
  10 quokka zombies
  8 rats
  4 rat zombies (Ossuary)
152 creatures vanquished.

Vanquished Creatures (others)
  A withered plant (D:5)
1 creature vanquished.

Grand Total: 153 creatures vanquished

Table legend:
 A = Turns spent in this place as a percentage of turns spent in the entire game.
 B = Non-inter-level travel turns spent in this place as a percentage of non-inter-level travel turns spent in the entire game.
 C = Inter-level travel turns spent in this place as a percentage of turns spent in this place.
 D = Turns resting spent in this place as a percentage of non-inter-level travel turns spent in this place.
 E = Turns spent auto-exploring this place as a percentage of non-inter-level travel turns spent in this place.
 F = Non-inter-level travel turns spent in this place divided by the number of levels of this place that you've seen.
                   A       B       C       D       E      F
               +-------+-------+-------+-------+-------+----------------------
         Total | 100.0 | 100.0 |   4.5 |  47.0 |  33.2 | 1049.0
       Dungeon |  83.2 |  82.4 |   5.5 |  42.8 |  38.4 | 1008.5
       Ossuary |  16.8 |  17.6 |   0.0 |  66.7 |   9.1 | 1292.0
               +-------+-------+-------+-------+-------+----------------------
